 Dungeon Crawl Stone Soup version 0.28-a0-863-g8cecda6153 (webtiles) character file.

Game seed: 8272922967622068807

24 gigimoi the Shooter (level 2, -6/25 HPs)
             Began as a Minotaur Hunter on Nov 17, 2021.
             Mangled by Natasha (8 damage)
             ... on level 2 of the Dungeon.
             The game lasted 00:02:40 (1207 turns).

gigimoi the Shooter (Minotaur Hunter)               Turns: 1207, Time: 00:02:41

Health: -6/25      AC:  3    Str: 16    XL:     2   Next: 79%
Magic:  1/1        EV: 12    Int:  8    God:
Gold:   57         SH:  0    Dex: 10    Spells: 1/1 levels left

rFire   . . .      SeeInvis .   b - +0 short sword
rCold   . . .      Faith    .   (no shield)
rNeg    . . .      Spirit   .   c - +0 leather armour
rPois   .          Reflect  .   (helmet restricted)
rElec   .          Harm     .   (no cloak)
rCorr   .          Rampage  .   (no gloves)
Will    .....                   (no boots)
Stlth   +.........              (no amulet)
HPRegen 0.08/turn               (no ring)
MPRegen 0.07/turn               (no ring)

@: no status effects
A: horns 2, retaliatory headbutt
a: no special abilities


You were on level 2 of the Dungeon.
You visited 1 branch of the dungeon, and saw 2 of its levels.

You collected 57 gold pieces.

Inventory:

Hand Weapons
 a - a +1 shortbow
 b - a +0 short sword (weapon)
Missiles
 d - 7 arrows
Armour
 c - a +0 leather armour (worn)
Scrolls
 e - a scroll of fear {unknown}
 i - a scroll of identify {unknown}
 k - a scroll of enchant armour {unknown}
Potions
 f - a potion of might {unknown}
 g - 2 potions of curing {unknown}
 h - a potion of invisibility {unknown}
 j - a potion of flight {unknown}


   Skills:
 + Level 2.7 Fighting
 * Level 4.7 Bows
 + Level 2.5 Dodging
 * Level 1.3 Stealth


You had one spell level left.
You didn't know any spells.
Your spell library contained the following spells:

 Spells                   Type           Power      Damage    Failure   Level
 Passwall                 Tmut/Erth      0%         N/A       63%         2
 Swiftness                Air            0%         N/A       85%         3


Dungeon Overview and Level Annotations

Branches:
Dungeon (2/15)

Altars:

Annotations:
D:2 Natasha


Innate Abilities, Weirdness & Mutations

You have a pair of horns on your head.
You reflexively headbutt those who attack you in melee.


Message History

You shoot an arrow. The arrow closely misses Natasha.
The rat barely misses you. Natasha claws you.
You shoot an arrow. The arrow hits Natasha.
Natasha is lightly wounded.
The rat closely misses you. Natasha closely misses you.
You shoot an arrow.
The arrow hits Natasha but does no damage.
Natasha is lightly wounded.
The rat bites you. Natasha claws you.
You shoot an arrow. The arrow barely misses Natasha.
The rat closely misses you. Natasha claws you.
You shoot an arrow. The arrow hits Natasha!
Natasha is severely wounded.
The rat closely misses you. You furiously retaliate!
You headbutt the rat!
You kill the rat!
Natasha claws you!
You are too injured to fight recklessly!
You are too injured to fight recklessly!
You are too injured to fight recklessly!
You are too injured to fight recklessly!
b - a +0 short sword (weapon)
Natasha claws you.
* * * LOW HITPOINT WARNING * * *
Unknown command.
You hit Natasha but do no damage.
Natasha is severely wounded.
Natasha barely misses you.
You barely miss Natasha. Your headbutt misses Natasha.
Natasha is severely wounded.
Natasha mumbles some strange words.
Natasha glows brightly for a moment.
Natasha closely misses you. You furiously retaliate!
You headbutt Natasha. You hit Natasha. Your headbutt misses Natasha.
Natasha is almost dead.
Natasha claws you.
* * * LOW HITPOINT WARNING * * *
You closely miss Natasha.
Natasha is almost dead.
Natasha claws you!
You die...

# ### # ##(
..###(.(. #.#.#.#
#...hb# #@# #.#
#.# #.# #.#
###########†#
#........)..#
######.###########
.......#


You could see Natasha and a bat.

Vanquished Creatures
  A worm (D:2)
  An endoplasm (D:1)
  3 goblins (D:1)
  A hobgoblin (D:1)
  3 kobolds
  A quokka (D:2)
  3 ball pythons (D:1)
  3 bats (D:1)
  3 frilled lizards (D:1)
  3 rats
22 creatures vanquished.

Notes
Turn   | Place    | Note
-------+----------+-------------------------------------------
     0 | D:1      | gigimoi the Minotaur Hunter began the quest for the Orb.
     0 | D:1      | Reached XP level 1. HP: 18/18 MP: 0/0
   235 | D:1      | Reached skill level 1 in Stealth
   458 | D:1      | Reached XP level 2. HP: 25/25 MP: 1/1
  1193 | D:2      | Noticed Natasha
  1207 | D:2      | Mangled by Natasha

Illustrated notes

Levels and vault maps discovered:
D:1:      dpeg_arrival_refuge, layout_basic, minmay_close_crescents
D:2:      layout_loops_ring, hellmonk_ecumenical_altar_defaced_shrine,
          basic_altar, uniq_natasha

Skill      XL: |  1 |
---------------+----+-----
Stealth        | 1 |  1.3
Fighting       | |  2.7
Bows           | |  4.7
Dodging        | |  2.5

Action                   || total
-------------------------++-------
Melee: Short sword       ||     4
 Fire: Shortbow          ||    45
Armor: Leather armour    ||     2
Dodge: Dodged            ||     8

Table legend: (Time is in decaauts)
 A = Elapsed time spent in this place.
 B = Non-inter-level travel time spent in this place.
 C = Inter-level travel time spent in this place.
 D = Time resting spent in this place.
 E = Time spent auto-exploring this place.
 F = Levels seen in this place.
 G = Mean time per level.
                   A        B        C        D        E       F      G
               +--------+--------+--------+--------+--------+-----+--------+
         Total |   1209 |   1192 |     17 |    100 |    967 |   2 |  604.5 |
       Dungeon |   1209 |   1192 |     17 |    100 |    967 |   2 |  604.5 |
               +--------+--------+--------+--------+--------+-----+--------+

Top non-repeatable levels by time:
     D:1: 1119 daAuts
     D:2: 89 daAuts
